 Dungeon Crawl Stone Soup version 0.26-a0-651-gb41185065b (webtiles) character file.

Game seed: 14823840323171927352

30382 Flugslaktarn the Severer (level 13, 0/86 HPs)
             Began as a Deep Dwarf Fighter on Oct 11, 2020.
             Was a High Priest of Makhleb.
             Collided with a metal wall (8 damage)
             ... caused by a wretched star
             ... in a Gauntlet.
             The game lasted 00:08:50 (9325 turns).

Flugslaktarn the Severer (Deep Dwarf Fighter)       Turns: 9325, Time: 00:08:50

Health: 0/86       AC: 17    Str: 19      XL:     13   Next: 20%
Magic:  6/6        EV:  7    Int:  7 (8)  God:    Makhleb [*****.]
Gold:   803        SH:  9    Dex: 13      Spells: 12/12 levels left

rFire    + + .     SeeInvis .   K - +0 war axe (drain)
rCold    . . .     Faith    +   c - +0 kite shield
rNeg     . . .     Spirit   .   A - +0 plate armour
rPois    +         Reflect  .   G - +0 helmet
rElec    .         Harm     .   v - +0 cloak
rCorr    .         Rampage  .   k - +1 pair of gloves
MR       ++...     NoTele   +   I - +1 pair of boots
Stlth    ..........             f - amulet of faith
HPRegen  0.00/turn              B - ring "Hodweray" {rF++ AC-4 Dex+2 Stlth+}
MPRegen  0.10/turn              m - ring of protection from magic

@: non-regenerating, lightly drained
A: damage resistance, heal wounds, clever 1, [clumsy 2], [dopey 2], [frail 3],
sense surroundings 2, poison resistance, [screaming 2], strong 1, [weak 2], no
regeneration
a: Heal Wounds, Minor Destruction, Lesser Servant of Makhleb, Major Destruction,
Greater Servant of Makhleb, Renounce Religion


You were in a Gauntlet.
You worshipped Makhleb.
Makhleb was extremely pleased with you.
You visited 2 branches of the dungeon, and saw 14 of its levels.
You also visited: Sewer, Bailey and Gauntlet.

You collected 1363 gold pieces.
You spent 560 gold pieces at shops.

Inventory:

Hand Weapons
 a - a +1 war axe
 K - a +0 war axe of draining (weapon)
   (You took it off a hell knight on level 10 of the Dungeon)
Missiles
 l - a throwing net (quivered)
Armour
 c - a +0 kite shield (worn)
 j - a +0 pair of boots of flying
   (You bought it in a shop on level 5 of the Dungeon)
 k - a +1 pair of gloves (worn)
   (You found it on level 3 of the Dungeon)
 v - a +0 cloak (worn)
   (You took it off Maurice on level 9 of the Dungeon)
 A - a +0 plate armour (worn)
   (You took it off an orc warrior on level 10 of the Dungeon)
 G - a +0 helmet (worn)
   (You found it on level 10 of the Dungeon)
 I - a +1 pair of boots (worn)
   (You found it on level 11 of the Dungeon)
Jewellery
 e - an uncursed ring of stealth
   (You found it on level 10 of the Dungeon)
 f - an amulet of faith (around neck)
   (You found it on level 8 of the Dungeon)
 m - a ring of protection from magic (right hand)
   (You found it on level 6 of the Dungeon)
 B - the ring "Hodweray" (left hand) {rF++ AC-4 Dex+2 Stlth+}
   (You found it on level 7 of the Dungeon)

   [ring of protection]

   It affects your AC (-4).
   It affects your dexterity (+2).
   It greatly protects you from fire.
   It makes you more stealthy.
 N - the ring of Oxzaps Fuapo {Ice *Slow Str+7 Int+3, unknown}
   (You found it in a Gauntlet)

   [ring of ice]

   It enhances your ice magic.
   It affects your strength (+7).
   It affects your intelligence (+3).
   It makes you vulnerable to fire.
   It protects you from cold.
   It may slow you when you take damage.
Wands
 b - a wand of iceblast (20)
   (You found it on level 8 of the Dungeon)
 g - a wand of digging (5)
   (You found it on level 11 of the Dungeon)
 s - a wand of paralysis (24)
   (You found it on level 9 of the Dungeon)
Scrolls
 h - 3 scrolls of enchant weapon
 o - 4 scrolls of fog
 r - 10 scrolls of identify
 t - 9 scrolls of teleportation
 x - 5 scrolls of remove curse
 y - a scroll of enchant armour
 z - a scroll of blinking
 E - a scroll of acquirement
 H - a scroll of brand weapon {unknown}
 J - a scroll of fear {unknown}
 M - a scroll of immolation
Potions
 d - 2 potions of might
 i - 2 potions of mutation
 n - a potion of resistance
 p - a potion of brilliance
 q - a potion of curing
 u - a potion of ambrosia
 w - 2 potions of heal wounds
 D - 2 potions of lignification {unknown}
 L - a potion of invisibility {unknown}
Miscellaneous
 C - a tin of tremorstones (3/3)
   (You found it on level 11 of the Dungeon)
 F - a condenser vane (1/2)
   (You bought it in a shop on level 5 of the Dungeon)


   Skills:
 * Level 10.4(10.3) Fighting
 * Level 15.1(14.9) Axes
 + Level 9.0(8.9) Armour
 + Level 7.7(7.6) Dodging
 - Level 4.3(4.2) Shields
 + Level 8.4 Invocations
 + Level 8.3(8.2) Evocations


You had 12 spell levels left.
You didn't know any spells.
Your spell library was empty.

Dungeon Overview and Level Annotations

Branches:
Dungeon (13/15)            Temple (1/1) D:6            Lair (0/6) D:10
    Orc (0/2) D:11          Sewer (visited)          Bailey (visited)
Gauntlet (1/1)
 Vaults: D:13-14

Altars:
Ashenzari
Dithmenos
Elyvilon
Fedhas
Gozag
Hepliaklqana
Kikubaaqudgha
Makhleb
Nemelex Xobeh
Qazlal
Ru
Sif Muna
Trog
Uskayaw
Vehumet
Wu Jian
Xom
Yredelemnul
Zin
The Shining One

Shops:
D:4 *   D:5 }*

Portals:
Trove: D:12 (give horn of Geryon)

Annotations:
D:5 1 runed translucent door
D:6 3 runed translucent doors, emiel's ghost, amateur TrDe
D:7 3 runed translucent doors, jt's ghost, novice PaWr
D:10 1 runed translucent door, p0werm0de's ghost, journeyman OpDe Gauntlet 11 transporters


Innate Abilities, Weirdness & Mutations

You are resistant to damage.
You can heal yourself by infusing magical energy.
You passively map the area around you.
You do not regenerate.
Your mind is acute. (Int +2)
Your system is resistant to poisons. (rPois)
Your muscles are strong. (Str +2)
[You are very clumsy. (Dex -4)]
[You are very dopey. (Int -4)]
[You are extremely frail. (-30% HP)]
[You sometimes yell uncontrollably at your foes.]
[You are very weak. (Str -4)]


Message History

You are too injured to fight recklessly!
You are too injured to fight recklessly!
You are too injured to fight recklessly!
You are too injured to fight recklessly!
You are too injured to fight recklessly!
You are too injured to fight recklessly!
You are too injured to fight recklessly!
You are too injured to fight recklessly!
You are too injured to fight recklessly!
You are too injured to fight recklessly!
You are too injured to fight recklessly!
You are too injured to fight recklessly!
You are too injured to fight recklessly!
You feel much better.
The wretched star glows turbulently.
The lance of force hits you!!
* * * LOW HITPOINT WARNING * * *
You are knocked back by the lance of force.
You slam into the metal wall!
You die... 8

#...#≈.............≈....... ,
* #.8.#∩............≈8§......
8* #...#§.............≈.......
* #.8.#..###########...######
, #...#..#...[©!:..#...##RRR.
....8.####.........#...#.#...
*
###.....©#.#######.#...#..#..
, ...8.####.#.#.#.#.#.###...#.
*
*###.§§#..#..@.©....#.#©#©...#
#≈8§#..##*#.#.#.##.#.#...#.
#####..#x#######.#.#.#..#..
#..#x........#.#.#h#○..
#..#.........#.#.##Eh..
###..#############.######
#8#......#©........#≈≈≈≈8
###≈.....#########.######
#####..........#.#.#^.#


You could see a wretched star and 2 small abominations.

Vanquished Creatures
  Josephine (D:12)
  Erolcha (D:9)
  4 two-headed ogres
  Erica (D:10)
  Urug (D:10)
  6 hell knights (D:10)
  2 necromancers (D:10)
  An ugly thing (D:12)
  A moth of wrath (Gauntlet)
  Maggie (D:9)
  A troll (D:10)
  Prince Ribbit (D:9)
  3 hippogriffs
  3 flying skulls (Gauntlet)
  A shadow (D:11)
  7 wraiths
  2 redbacks (Gauntlet)
  6 yaks (D:10)
  A neqoxec (Gauntlet)
  A steam dragon (D:12)
  A soldier ant (D:11)
  A warg (D:11)
  7 hell hounds (D:10)
  2 black bears
  3 ice beasts
  19 orc warriors
  A phantom (D:7)
  4 sky beasts
  4 ogres
  16 centaurs
  2 crocodiles
  7 bullfrogs
  3 big kobolds
  2 wyvern zombies
  4 scorpions
  6 electric eels (D:10)
  10 killer bees
  4 wights
  A crimson imp (D:7)
  2 centaur skeletons
  6 jellies
  4 bullfrog zombies
  2 centaur zombies
  5 hounds
  8 bullfrog skeletons
  13 orc priests
  13 orc wizards
  A gnoll shaman (D:3)
  4 iguanas
  9 worker ants
  12 gnolls
  A howler monkey skeleton (D:7)
  7 adders
  4 white imps
  7 ufetubi
  2 oozes
  2 adder skeletons
  3 worms
  A dart slug (D:1)
  4 leopard geckos
  68 orcs
  5 giant cockroaches
  3 goblins
  A hobgoblin (D:2)
  12 jackals
  2 quokkas
  4 ball pythons
  4 bats
  A frilled lizard (D:2)
  21 kobolds
  A quokka skeleton (D:5)
  3 rats
377 creatures vanquished.

Vanquished Creatures (collateral kills)
  A hydra (D:12)
  Maurice (D:9)
  A vampire (D:12)
  An orc priest (D:12)
  An orc wizard (D:12)
5 creatures vanquished.

Vanquished Creatures (others)
  A necromancer (D:10)
  5 fungi (Gauntlet)
  13 plants
  3 withered plants (Gauntlet)
22 creatures vanquished.

Grand Total: 404 creatures vanquished

Notes
Turn   | Place    | Note
-------+----------+-------------------------------------------
     0 | D:1      | Flugslaktarn the Deep Dwarf Fighter began the quest for the
                  | Orb.
     0 | D:1      | Reached XP level 1. HP: 20/20 MP: 1/1
    91 | D:1      | Reached XP level 2. HP: 22/27 MP: 2/2
   286 | D:2      | Reached XP level 3. HP: 26/34 MP: 3/3
   459 | D:3      | Reached skill level 3 in Axes
   464 | D:3      | Reached XP level 4. HP: 30/42 MP: 4/4
   526 | D:4      | Reached XP level 5. HP: 50/50 MP: 5/5
   565 | D:4      | Reached skill level 4 in Axes
   664 | D:4      | Reached XP level 6. HP: 46/57 MP: 6/6
   670 | D:4      | Found Kakloop's Assorted Antiques.
   686 | D:4      | Bought a scroll labeled GOMEGABBIWOJ for 26 gold pieces
   686 | D:4      | Bought a scroll labeled HESONERCHELIE for 26 gold pieces
   686 | D:4      | Bought a scroll labeled TIQUKA DEVUS for 26 gold pieces
   686 | D:4      | Bought a scroll labeled UJEJAE BINIOMM for 26 gold pieces
   692 | D:4      | Acquired 522 gold pieces
   718 | D:4      | Bought a large ruby amulet for 130 gold pieces
   805 | D:4      | Reached skill level 1 in Dodging
   828 | D:4      | Reached skill level 5 in Axes
   979 | D:4      | Reached XP level 7. HP: 57/66 MP: 7/7
   987 | D:4      | Found a hazy altar of Hepliaklqana.
  1167 | D:5      | Entered Level 5 of the Dungeon
  1180 | D:5      | Reached skill level 5 in Fighting
  1219 | D:5      | Found Jopnopru's General Store.
  1227 | D:5      | Bought a +0 pair of boots of flying for 126 gold pieces
  1400 | D:5      | Found a runed translucent door.
  1400 | D:5      | Found a white marble altar of Elyvilon.
  1400 | D:5      | Noticed an angel
  1486 | D:5      | Reached skill level 5 in Armour
  1691 | D:5      | Found Puec's Gadget Emporium.
  1694 | D:5      | Bought a condenser vane (2/2) for 200 gold pieces
  1755 | D:6      | Found a staircase to the Ecumenical Temple.
  1758 | D:6      | Noticed a hippogriff
  1762 | D:6      | Reached skill level 6 in Axes
  1784 | D:6      | Killed a hippogriff
  1784 | D:6      | Reached XP level 8. HP: 34/76 MP: 7/7
  1798 | Temple   | Entered the Ecumenical Temple
  1893 | Temple   | Became a worshipper of Makhleb the Destroyer
  2078 | D:6      | Reached skill level 1 in Invocations
  2078 | D:6      | Reached skill level 1 in Evocations
  2089 | D:6      | Reached skill level 7 in Axes
  2099 | D:6      | Found a runed translucent gate.
  2100 | D:6      | Found a runed translucent gate.
  2100 | D:6      | Found a runed translucent gate.
  2302 | D:6      | Found a glowing drain.
  2319 | Sewer    | Entered a sewer
  2478 | D:6      | Found a hide-covered altar of Uskayaw.
  2743 | D:6      | Noticed emiel's ghost (amateur TrDe)
  2772 | D:7      | Reached * piety under Makhleb
  2772 | D:7      | Gained mutation: You passively map the area around you.
                  | [Deep Dwarf growth]
  2772 | D:7      | Reached XP level 9. HP: 50/85 MP: 9/9
  2812 | D:7      | Got a warped turquoise ring
  2841 | D:7      | Identified the cursed ring "Hodweray" {rF++ AC-4 Dex+2
                  | Stlth+} (You found it on level 7 of the Dungeon)
  2853 | D:7      | Gained mutation: [You are frail. (-10% HP)] [potion of
                  | mutation]
  2853 | D:7      | Gained mutation: You are agile. (Dex +2) [potion of
                  | mutation]
  2855 | D:7      | Lost mutation: You are agile. (Dex +2) [potion of mutation]
  2855 | D:7      | Gained mutation: You are occasionally teleported next to
                  | monsters. [potion of mutation]
  2855 | D:7      | Gained mutation: Your mind is acute. (Int +2) [potion of
                  | mutation]
  3089 | D:7      | Reached skill level 8 in Axes
  3362 | D:7      | Found a runed translucent gate.
  3362 | D:7      | Found a runed translucent gate.
  3362 | D:7      | Found a runed translucent gate.
  3362 | D:7      | Noticed jt's ghost (novice PaWr)
  3610 | D:8      | Found a flagged portal.
  3610 | D:8      | Noticed a two-headed ogre
  3636 | D:8      | Killed a two-headed ogre
  3642 | Bailey   | Entered a bailey
  3716 | Bailey   | Reached ** piety under Makhleb
  3823 | Bailey   | Reached skill level 5 in Dodging
  3833 | Bailey   | Reached XP level 10. HP: 56/86 MP: 10/10
  3932 | Bailey   | Reached skill level 9 in Axes
  4010 | Bailey   | Reached skill level 5 in Invocations
  4035 | Bailey   | Reached skill level 5 in Evocations
  4162 | D:8      | Reached skill level 13 in Axes
  4162 | D:8      | Reached XP level 11. HP: 63/92 MP: 11/11
  4330 | D:8      | Found a bloodstained altar of Trog.
  4591 | D:9      | Reached *** piety under Makhleb
  4620 | D:9      | Found a broken altar of Ashenzari.
  4823 | D:9      | Noticed Maurice
  5072 | D:9      | Noticed Prince Ribbit
  5084 | D:9      | Killed Prince Ribbit
  5162 | D:9      | Noticed Maggie
  5184 | D:9      | Killed Maggie
  5275 | D:9      | Noticed Erolcha
  5281 | D:9      | HP: 4/93 [Erolcha/+0 giant club (15)]
  5289 | D:9      | Killed Erolcha
  5460 | D:9      | Found a broken altar of Ashenzari.
  5564 | D:9      | Killed Maurice
  6137 | D:10     | Entered Level 10 of the Dungeon
  6208 | D:10     | Noticed Erica
  6208 | D:10     | Noticed Urug
  6237 | D:9      | Reached **** piety under Makhleb
  6251 | D:10     | Killed Erica
  6258 | D:10     | Killed Urug
  6297 | D:10     | Reached skill level 14 in Axes
  6353 | D:10     | Reached XP level 12. HP: 36/102 MP: 8/8
  6364 | D:10     | Found a staircase to the Lair.
  6567 | D:10     | Noticed a two-headed ogre
  6583 | D:10     | Killed a two-headed ogre
  6675 | D:10     | Lost mutation: You are occasionally teleported next to
                  | monsters. [potion of mutation]
  6675 | D:10     | Lost mutation: [You are frail. (-10% HP)] [potion of
                  | mutation]
  6675 | D:10     | Gained mutation: Your system is resistant to poisons.
                  | (rPois) [potion of mutation]
  6675 | D:10     | Gained mutation: Your muscles are strong. (Str +2) [potion
                  | of mutation]
  6751 | D:10     | Found a runed translucent door.
  6751 | D:10     | Noticed p0werm0de's ghost (journeyman OpDe)
  7174 | D:10     | Reached ***** piety under Makhleb
  7865 | D:11     | Noticed a two-headed ogre
  7868 | D:11     | Noticed a two-headed ogre
  7877 | D:11     | Killed a two-headed ogre
  7877 | D:11     | Reached skill level 10 in Fighting
  7879 | D:11     | Killed a two-headed ogre
  7911 | D:11     | Found a staircase to the Orcish Mines.
  8309 | D:12     | Noticed Josephine
  8322 | D:12     | Reached XP level 13. HP: 114/123 MP: 8/8
  8336 | D:12     | Killed Josephine
  8353 | D:12     | HP: 1/123 [white ugly thing (17)]
  8540 | D:12     | Reached skill level 15 in Axes
  8579 | D:12     | Found a portal to a secret trove of treasure.
  8857 | D:13     | Found a gate leading to a gauntlet.
  8866 | Gauntlet | Entered a Gauntlet
  8866 | Gauntlet | Found a transporter.
  8866 | Gauntlet | Found a transporter.
  8871 | Gauntlet | Found a transporter.
  8886 | Gauntlet | Found a transporter.
  8904 | Gauntlet | Found a transporter.
  8913 | Gauntlet | Found a transporter.
  8997 | Gauntlet | Found a transporter.
  9011 | Gauntlet | Found a transporter.
  9032 | Gauntlet | Found a transporter.
  9040 | Gauntlet | Found a transporter.
  9057 | Gauntlet | Found a transporter.
  9097 | Gauntlet | Noticed a dire elephant
  9126 | Gauntlet | Found a transporter.
  9135 | Gauntlet | Identified the +1 robe "Viclaeph" {rC+ rCorr}
  9135 | Gauntlet | Identified the ring of Ekhyut {rElec Int+4 Dex+2 Stlth-}
  9136 | Gauntlet | Found a transporter.
  9144 | Gauntlet | Found a transporter.
  9146 | Gauntlet | Found a transporter.
  9180 | Gauntlet | Found a transporter.
  9271 | Gauntlet | Got a flickering bronze ring
  9325 | Gauntlet | Collided with a metal wall

Illustrated notes

Levels and vault maps discovered:
D:1:      psy_arrival_radial01, layout_basic, kennysheep_doodads
D:2:      layout_basic
D:3:      layout_basic, gammafunk_temple_overflow_statue
D:4:      layout_cave_pools, lemuel_coloured_pillars_altar, serial_shops,
          nicolae_shop_overgrown_old_shop
D:5:      layout_loops_ring, serial_shops, nicolae_shop_window_shopping,
          nicolae_shop_waterfront, lemuel_angel_altar
D:6:      layout_basic, eat_drink_and_be_merry_uskayaw,
          minmay_temple_entry_glass, portal_sewer_entry_b,
          ebering_ghost_rock_garden
D:7:      layout_basic, gammafunk_ghost_necromancy, nrook_mini_backslash,
          minmay_fire_ice_demons
D:8:      layout_basic, kennysheep_mini_moat, enter_bailey_2
D:9:      layout_stronghold, basic_altar, chequers_serial_rivers_marsh,
          minmay_joined_circles, uniq_prince_ribbit1, uniq_erolcha,
          uniq_maurice, uniq_maggie
D:10:     layout_basic, lair_entry_dummy, ebering_ghost_reflecting_pool,
          minmay_rotating_lava, uniq_urug, uniq_erica
D:11:     layout_basic, david_orc_1_choice, kennysheep_generic_room_14
D:12:     layout_basic, enter_trove_2, uniq_josephine
D:13:     layout_loops_ring, gauntlet_entry_generic,
          nicolae_dithmenos_through_a_glass_darkly
Temple:   minmay_crystal_spiral_temple
Gauntlet: gammafunk_gauntlet_branching [gammafunk_gauntlet_arena_mazey,
          gammafunk_gauntlet_arena_crates,
          gammafunk_gauntlet_arena_arrow_garden, nicolae_gauntlet_arena_x,
          nicolae_gauntlet_arena_quarters, gammafunk_gauntlet_arena_chambers,
          gammafunk_gauntlet_arena_teeth, gammafunk_gauntlet_arena_spirals,
          nicolae_gauntlet_exit_dead_adventurers]

Skill      XL: |  1  2  3  4  5  6  7  8  9 10 11 12 13 |
---------------+----------------------------------------+-----
Fighting       | 3 4 5 6 7 8 9 10 | 10.4
Axes           | 3 4 5 6 7 8 13 14 15 | 15.1
Armour         | 4 5 6 7 8 9 |  9.0
Shields        | 4 |  4.3
Dodging        | 1 2 3 5 6 7 |  7.7
Invocations    | 2 4 5 6 8 |  8.4
Evocations     | 2 4 5 6 8 |  8.3

Action                   |  1- 3 |  4- 6 |  7- 9 | 10-12 | 13-15 || total
-------------------------+-------+-------+-------+-------+-------++-------
Melee: War axe           |    78 |   124 |   398 |   745 |   140 ||  1485
Invok: Lesser Servant of |       |       |       |     2 |     3 ||     5
 Abil: Heal Wounds       |     1 |     4 |    15 |    29 |    10 ||    59
Evoke: Condenser vane    |       |       |       |     2 |     1 ||     3
       Wand              |       |       |       |     2 |       ||     2
  Use: Scroll            |       |     7 |     7 |     1 |       ||    15
       Potion            |       |       |     4 |     8 |       ||    12
Armor: Scale mail        |    33 |    56 |    82 |       |       ||   171
       Chain mail        |       |       |    99 |   198 |       ||   297
       Plate armour      |       |       |       |   110 |   117 ||   227
Dodge: Dodged            |    21 |    48 |   195 |   246 |    77 ||   587
Block: Kite shield       |    40 |    76 |   256 |   362 |    98 ||   832

Table legend: (Time is in decaauts)
 A = Elapsed time spent in this place.
 B = Non-inter-level travel time spent in this place.
 C = Inter-level travel time spent in this place.
 D = Time resting spent in this place.
 E = Time spent auto-exploring this place.
 F = Levels seen in this place.
 G = Mean time per level.
                   A        B        C        D        E       F      G
               +--------+--------+--------+--------+--------+-----+--------+
         Total |   9401 |   9041 |    360 |      0 |   6125 |  17 |  553.0 |
       Dungeon |   8239 |   7964 |    275 |      0 |   5548 |  13 |  633.8 |
        Temple |    171 |     86 |     85 |      0 |     84 |   1 |  171.0 |
         Sewer |     16 |     16 |      0 |      0 |      2 |   1 |   16.0 |
        Bailey |    524 |    524 |      0 |      0 |    161 |   1 |  524.0 |
      Gauntlet |    449 |    449 |      0 |      0 |    330 |   1 |  449.0 |
               +--------+--------+--------+--------+--------+-----+--------+

Top non-repeatable levels by time:
     D:9: 1628 daAuts
    D:10: 1159 daAuts
     D:6: 844 daAuts
    D:11: 733 daAuts
     D:4: 702 daAuts
    D:12: 690 daAuts
     D:8: 673 daAuts
     D:7: 649 daAuts
     D:5: 597 daAuts
  Bailey: 524 daAuts
Gauntlet: 449 daAuts
     D:1: 224 daAuts
     D:2: 214 daAuts
  Temple: 171 daAuts
     D:3: 104 daAuts
